 Dungeon Crawl Stone Soup version 0.19-a0-1008-g4c63d25 (webtiles) character file.

8826 rageheart7 the Carver (level 11, -21/77 HPs)
             Began as an Octopode Berserker on July 21, 2016.
             Was a High Priest of Trog.
             Killed from afar by an ice statue (48 damage)
             ... with a bolt of cold
             ... in an ice cave on July 22, 2016.
             The game lasted 00:26:42 (8348 turns).

rageheart7 the Carver (Octopode Berserker)          Turns: 8348, Time: 00:26:44

Health: -21/77     AC:  5    Str: 22    XL:     11   Next: 36%
Magic:  11/11      EV: 20    Int: 11    God:    Trog [*****.]
Gold:   590        SH:  2    Dex: 18    Spells: 0 memorised, 10 levels left

rFire  + . .     SeeInvis +     r - +0 scimitar
rCold  x . .     Gourm    .     (no shield)
rNeg   . . .     Faith    +     a - +2 hat
rPois  .         Spirit   .     G - amulet of faith
rElec  .         Dismiss  .     l - ring of stealth
rCorr  .         Reflect  .     t - ring of see invisible
SustAt .         Harm     .     q - ring of fire
MR     .....                    u - +6 ring of strength
Stlth  +++++++...               y - ring of stealth
                                H - +4 ring of dexterity
                                (no ring)
                                (no ring)

@: not resistant to hostile enchantments, extremely stealthy
A: almost no armour, amphibious, 8 rings, constrict 8, large bone plates 1,
camouflage 1, slow regeneration 1, gelatinous body 1
a: Berserk, Trog's Hand, Brothers in Arms, Burn Spellbooks, Renounce Religion


You were in an ice cave.
You worshipped Trog.
Trog was extremely pleased with you.
You were not hungry.

You visited 2 branches of the dungeon, and saw 11 of its levels.
You also visited: Sewer and Ice Cave.

You collected 590 gold pieces.

Inventory:

Hand Weapons
 r - a +0 scimitar (weapon)
 E - a +1 hunting sling of freezing
Missiles
 e - 2 javelins of penetration
 x - 8 tomahawks
 A - 7 tomahawks of returning (quivered)
 C - 99 sling bullets
 I - 31 poisoned needles
 J - 8 needles of paralysis
Armour
 a - a +2 hat (worn)
 m - the +3 pair of gauntlets of War {Slay+5}
   (You found it on level 7 of the Dungeon)

   It affects your accuracy and damage with ranged weapons and melee attacks
   (+5).
Jewellery
 l - a ring of stealth (left tentacle)
 q - a ring of fire (on tentacle)
 t - a ring of see invisible (right tentacle)
 u - a +6 ring of strength (on tentacle)
 y - a ring of stealth (on tentacle)
 D - a +3 ring of protection {unknown}
 G - an amulet of faith (around mantle)
 H - a +4 ring of dexterity (on tentacle)
Wands
 w - a wand of polymorph (5/24)
 z - a wand of teleportation (4/9)
 M - a wand of random effects (26/48)
 N - a wand of flame (11/48)
Scrolls
 c - a scroll of recharging {unknown}
 d - 2 scrolls of remove curse
 f - a scroll of identify
 i - 6 scrolls of teleportation
 s - 2 scrolls of fear
 B - a scroll of blinking
Potions
 h - a potion of brilliance
 j - 3 potions of curing
 n - 6 potions of flight
 v - a potion of cure mutation
 F - a potion of ambrosia
Miscellaneous
 K - a fan of gales
 L - a phantom mirror
Comestibles
 b - 7 bread rations
 g - 6 beef jerkies
 k - 4 meat rations
 o - 2 slices of pizza


   Skills:
 * Level 8.1 Fighting
 * Level 11.7 Long Blades
 - Level 10.0 Dodging
 - Level 7.1 Stealth


You had 10 spell levels left.
You didn't know any spells.

Dungeon Overview and Level Annotations

Branches:
Dungeon (9/15)             Temple (0/1) D:5            Lair (2/6) D:8
  Swamp: Lair:2-4    Shoals: Lair:2-4     Snake: Lair:2-4    Spider: Lair:2-4
    Orc: D:9-12

Altars:
Ashenzari
Dithmenos
Fedhas
Nemelex Xobeh
Qazlal
Ru
Vehumet
Xom
The Shining One

Shops:
D:6 [*!*

Annotations:
Lair:1 exclusion: oklob plant IceCv exclusion: 2 ice statues


Innate Abilities, Weirdness & Mutations

You cannot wear most types of armour.
You are amphibious.
You can wear up to eight rings at the same time.
You can use your tentacles to constrict eight enemies at once.
Your skin changes colour to match your surroundings (Stealth+).
Your rubbery body absorbs attacks. (AC +1)
You are partially covered in large bone plates. (AC +2, SH +2)
You regenerate slowly when monsters are visible.


Message History

Found an ice covered gate leading back out of this place.
Your ogre goes berserk!
You feel quite a bit more hungry.
You hear a shout!
Your deep troll goes berserk!
You feel quite a bit more hungry.
The ice statue glitters chillingly in the dim dungeon light.
The ice statue gestures at you. The bolt of cold hits you!
You feel a terrible chill! The ice statue gestures at you.
The bolt of cold hits your ogre. The bolt of cold hits you!
You feel a terrible chill!
* * * LOW HITPOINT WARNING * * *
You feel much better.
Your ogre hits the ice statue with a giant club!!
The ice statue glitters chillingly in the dim dungeon light.
The ice statue gestures at you. The bolt of cold hits you!
You feel a terrible chill!
Ouch! That really hurt!
You die...

#######
##.....##
##...∩...##
##......T..##
#.....@.....#
#...........#
#...........#
#......u.O....#
#....8...8....#
#......?......#
##....).$....##
#...8.=.8...#


You could see 2 ice statues, a white ugly thing, a friendly deep troll (berserk)
and a friendly ogre (berserk).

Vanquished Creatures
  The ghost of shmup the Carver, a novice MiGl of Dithmenos (D:8)
  2 skeletal warriors (D:6)
  An ugly thing (IceCv)
  2 spiny frogs (Lair:2)
  A komodo dragon (D:8)
  Grinder (D:3)
  5 blink frogs (Lair:1)
  Sigmund (D:4)
  A hog (D:7)
  5 yaks (Lair:2)
  A human (D:7)
  Eustachio (D:6)
  Duvessa (D:6)
  A black bear (D:8)
  2 orc warriors (D:6)
  4 ice beasts
  A phantom (D:7)
  A necrophage (D:8)
  A centaur (D:7)
  6 ogres
  4 big kobolds
  A giant frog (Lair:1)
  Dowan (D:6)
  4 scorpions
  2 howler monkeys
  A jelly (D:6)
  A centaur zombie (D:7)
  2 hounds
  An orc priest (D:6)
  A centaur skeleton (D:5)
  7 orc wizards
  3 giant frog skeletons
  3 iguanas
  8 worker ants
  3 sheep (D:7)
  A hound skeleton (D:7)
  12 gnolls
  4 adders
  17 river rats
  3 oozes
  3 adder skeletons
  A worm (D:2)
  A dart slug (D:1)
  8 giant geckos
  14 orcs
  7 bats
  9 giant cockroaches
  39 goblins
  39 hobgoblins
  13 jackals
  18 kobolds
  3 quokkas
  A ball python (D:5)
  7 giant newts
  A jackal skeleton (D:4)
  9 rats
291 creatures vanquished.

Vanquished Creatures (collateral kills)
  4 ice beasts (IceCv)
4 creatures vanquished.

Vanquished Creatures (others)
  A plant (D:8)
1 creature vanquished.

Grand Total: 296 creatures vanquished

Notes
Turn   | Place    | Note
-------+----------+-------------------------------------------
     0 | D:1      | rageheart7 the Octopode Berserker began the quest for the Orb.
     0 | D:1      | Reached XP level 1. HP: 16/16 MP: 1/1
    73 | D:1      | Reached XP level 2. HP: 21/21 MP: 2/2
   201 | D:1      | Reached ** piety under Trog
   273 | D:1      | Reached XP level 3. HP: 26/26 MP: 3/3
  1292 | D:2      | Found a glowing golden altar of the Shining One.
  1301 | D:2      | Reached skill level 4 in Long Blades
  1301 | D:2      | Reached XP level 4. HP: 31/31 MP: 4/4
  1788 | D:3      | Found a faded altar of an unknown god.
  1838 | D:3      | Noticed Grinder
  1843 | D:3      | Paralysed by Grinder for 2 turns
  1877 | D:3      | Killed Grinder
  1877 | D:3      | Reached XP level 5. HP: 22/36 MP: 5/5
  1877 | D:3      | Reached XP level 6. HP: 25/42 MP: 6/6
  2037 | D:3      | Reached skill level 5 in Dodging
  2043 | D:3      | Reached *** piety under Trog
  2431 | D:4      | Found a shattered altar of Ashenzari.
  2451 | D:4      | Reached skill level 5 in Long Blades
  2461 | D:4      | Reached XP level 7. HP: 38/46 MP: 7/7
  2638 | D:4      | Reached skill level 5 in Stealth
  2847 | D:4      | Noticed Sigmund
  2857 | D:4      | Killed Sigmund
  2857 | D:4      | Reached skill level 6 in Long Blades
  2857 | D:4      | Reached XP level 8. HP: 52/52 MP: 8/8
  2877 | D:4      | Found a glowing drain.
  2881 | Sewer    | Entered a sewer
  3072 | Sewer    | Reached **** piety under Trog
  3087 | Sewer    | Found a white marble altar of Elyvilon.
  3492 | D:4      | Reached ***** piety under Trog
  3974 | D:5      | Entered Level 5 of the Dungeon
  4156 | D:5      | Found a stormy altar of Qazlal.
  4509 | D:5      | Found a staircase to the Ecumenical Temple.
  4667 | D:6      | Noticed Eustachio
  4681 | D:6      | Killed Eustachio
  4681 | D:6      | Reached skill level 7 in Long Blades
  4681 | D:6      | Reached XP level 9. HP: 35/56 MP: 9/9
  4769 | D:6      | Found a blossoming altar of Fedhas.
  4825 | D:6      | Found Naofisu's General Store.
  4859 | D:6      | Found Pigad's Armour Shop.
  4983 | D:6      | Noticed a skeletal warrior
  5004 | D:6      | Found Tyukhlor's Distillery.
  5004 | D:6      | Noticed a skeletal warrior
  5079 | D:6      | Noticed Duvessa
  5087 | D:6      | Noticed Dowan
  5090 | D:6      | Killed Duvessa
  5093 | D:6      | Killed Dowan
  5128 | D:6      | Found Etesur's Assorted Antiques.
  5150 | D:6      | Noticed a skeletal warrior
  5168 | D:6      | Killed a skeletal warrior
  5168 | D:6      | Reached skill level 8 in Long Blades
  5193 | D:6      | Noticed a skeletal warrior
  5715 | D:7      | Received a gift from Trog
  5722 | D:7      | Gained mutation: You regenerate slowly when monsters are visible. [potion of mutation]
  5722 | D:7      | Gained mutation: You are dopey. (Int -2) [potion of mutation]
  5722 | D:7      | Gained mutation: You are partially covered in large bone plates. (AC +2, SH +2) [potion of mutation]
  5877 | D:7      | Reached XP level 10. HP: 65/65 MP: 10/10
  6217 | D:7      | Reached skill level 5 in Fighting
  6218 | D:7      | Reached skill level 10 in Dodging
  6265 | D:7      | Found a sparkling altar of Nemelex Xobeh.
  6338 | D:8      | Found a radiant altar of Vehumet.
  6338 | D:8      | Found a shimmering altar of Xom.
  6343 | D:8      | Reached skill level 9 in Long Blades
  6536 | D:8      | Found a staircase to the Lair.
  6576 | D:8      | Found a sparkling altar of Nemelex Xobeh.
  6619 | D:8      | Noticed shmup's ghost (novice MiGl)
  6634 | D:8      | Killed shmup's ghost
  6699 | D:8      | Found a sacrificial altar of Ru.
  6705 | D:8      | Found a shadowy altar of Dithmenos.
  6999 | D:6      | Killed a skeletal warrior
  6999 | D:6      | Reached skill level 10 in Long Blades
  7269 | D:7      | Lost mutation: You are dopey. (Int -2) [potion of beneficial mutation]
  7767 | D:9      | Noticed a cyclops
  7767 | D:9      | Noticed a green ugly thing
  7874 | Lair:1   | Entered Level 1 of the Lair of Beasts
  7874 | Lair:1   | Noticed an oklob plant
  7957 | Lair:1   | Reached XP level 11. HP: 74/74 MP: 11/11
  7960 | Lair:1   | Reached skill level 11 in Long Blades
  8015 | Lair:1   | Found a frozen archway.
  8028 | Lair:1   | You fall through a shaft!
  8167 | Lair:2   | Received a gift from Trog
  8310 | IceCv    | Entered an ice cave
  8310 | IceCv    | Noticed a white ugly thing
  8316 | IceCv    | Killed a white ugly thing
  8345 | IceCv    | Noticed a white ugly thing
  8348 | IceCv    | Killed from afar by an ice statue

Vault maps used:
D:1:      minmay_arrival_diagonal_passages, minivault_23, minmay_misc_feat_five
D:2:      nicolae_tso_swordbearing_angel
D:3:      first_bread, ecumenical_altar_2, uniq_grinder
D:4:      minmay_goblin_kobold_castle, cheibrodos_ashenzari_chains,
          gup_sewer_entry_bowl, serial_bayou_pond_b, uniq_sigmund
D:5:      nicolae_qazlal_general_emergency, hangedman_glass_teeth,
          minmay_misc_feat_ornament
D:6:      lemuel_crystal_altar, serial_shops, shop, shop,
          nicolae_shop_waterfront, shop, uniq_duvessa, uniq_eustachio
D:7:      minmay_flawed_box, grunt_livestock, hangedman_decor_slide_cut,
          nemelex_diamond_rough_becter
D:8:      grunt_temple_overflow_open, minitemple, david_lair_shrubbed,
          nemelex_lonely_heart_becter
D:9:      nicolae_overflow_hidden_temple, kennysheep_mini_moat, erik_orc_1,
          kb_rosetta
Lair:1:   portal_ice_cave_entry_pillars_1, dpeg_stationary_puzzle
Lair:2:   nicolae_swamp_entry_splash_gauntlet
Sewer:    sewer_kobolds
IceCv:    ice_cave_statue_garden_teleport

Skill      XL: |  1  2  3  4  5  6  7  8  9 10 11 |
---------------+----------------------------------+-----
Long Blades    | 4 5 6 7 8 10 11 | 11.7
Dodging        | 4 5 6 8 9 10 | 10.0
Stealth        | 3 4 6 7 |  7.1
Fighting       | 4 7 8 |  8.1

Action                   |  1- 3 |  4- 6 |  7- 9 | 10-12 || total
-------------------------+-------+-------+-------+-------++-------
Melee: Falchion          |    77 |    89 |   188 |       ||   354
       Constrict         |    21 |    19 |    69 |    41 ||   150
       Tentacles         |    12 |    13 |    84 |    69 ||   178
       Long sword        |       |       |   150 |   116 ||   266
       Scimitar          |       |       |       |    98 ||    98
Throw: Javelin           |       |       |     5 |       ||     5
Invok: Berserk           |       |     2 |    12 |     8 ||    22
       Burn Spellbooks   |       |     1 |       |     1 ||     2
       Trog's Hand       |       |       |     7 |     3 ||    10
       Brothers in Arms  |       |       |       |     5 ||     5
  Use: Scroll            |     8 |     5 |     6 |     8 ||    27
       Potion            |       |     3 |     7 |     3 ||    13
 Stab: Sleeping          |     6 |     8 |    19 |     8 ||    41
       Distracted        |       |       |     3 |     3 ||     6
  Eat: Chunk             |     1 |     5 |    27 |    10 ||    43
       Pizza             |       |       |       |     6 ||     6
Armor: Skin              |     5 |    16 |    59 |    13 ||    93
Dodge: Dodged            |    39 |    27 |   191 |    95 ||   352
Block: Other             |       |       |       |    11 ||    11
